 Dungeon Sprint DCSS version 0.18-b1-20-g17449fe (webtiles) character file.

100 LORDOFBUTT the Grappler (level 4, -13/44 HPs)
             Began as a Troll Berserker on May 3, 2016.
             Was a Priest of Trog.
             Mangled by a water elemental (17 damage)
             ... in the Dungeon (Sprint III: "The Ten Rune Challenge").
             The game lasted 00:00:22 (99 turns).

LORDOFBUTT the Grappler (Troll Berserker)             Turns: 99, Time: 00:00:23

Health: -13/44     AC:  5    Str: 25    XL:     4   Next: 47%
Magic:  3/3        EV: 10    Int:  3    God:    Trog [***...]
Gold:   30         SH:  0    Dex: 10    Spells: 0 memorised, 3 levels left

rFire  . . .     SeeInvis .       - Unarmed
rCold  . . .     Gourm    +     a - +0 animal skin
rNeg   . . .     Faith    .     (no shield)
rPois  .         Spirit   .     (helmet restricted)
rElec  .         Dismiss  .     (no cloak)
rCorr  .         Reflect  .     (gloves unavailable)
SustAt .         Harm     .     (boots unavailable)
MR     .....     NoTele   +     (no amulet)
Stlth  +.........               (no ring)
                                (no ring)

@: engulfed (cannot breathe), not resistant to hostile enchantments, very
unstealthy
A: unfitting armour, claws 3, fast metabolism 3, gourmand, regeneration 2,
shaggy fur 1, tough skin 2
a: Berserk, Trog's Hand, Burn Spellbooks, Renounce Religion


You were in the Dungeon.
You worshipped Trog.
Trog was most pleased with you.
You were not hungry.

You visited 1 branch You collected 30 gold pieces.

Inventory:

Armour
 a - a +0 animal skin (worn)
Wands
 i - a wand of flame (22/48)
Scrolls
 h - a scroll of blinking
 k - 2 scrolls of torment {unknown}
 l - 4 scrolls of identify
 m - 2 scrolls of remove curse
 q - a scroll of recharging {unknown}
Potions
 c - a potion of curing
 d - a potion of heal wounds
 e - a potion of haste
 f - 2 potions of magic
 g - a potion of berserk rage
 j - 2 potions of mutation {unknown}
 o - a potion of brilliance {unknown}
 p - 3 potions of flight
 s - a potion of cancellation {unknown}
Comestibles
 b - 2 bread rations
 n - a meat ration
 r - 3 fruits


   Skills:
 - Level 2.4 Fighting
 - Level 2.4 Dodging
 + Level 9.4 Unarmed Combat


You had 3 spell levels left.
You didn't know any spells.

Dungeon Overview and Level Annotations

Branches:
Dungeon (1/1)

Altars:


Innate Abilities, Weirdness & Mutations

You are too large for most types of armour.
You have claws for hands.
Your metabolism is lightning-fast.
You like to eat raw meat.
You heal very quickly.
You are covered in fur (AC +1).
You have very tough skin (AC +2).


Message History

Moving in this stuff is going to be slow.
You open the door.
A water elemental comes into view.
The water elemental hits you.
The water elemental engulfs you in water!
There is an open door to the Ecumenical Temple here.
You scratch the water elemental but do no damage.
Your lungs strain for air!
The water elemental hits you!!
You claw the water elemental!
The water elemental is heavily damaged.
Your lungs strain for air!
The water elemental hits you!
* * * LOW HITPOINT WARNING * * *
You barely miss the water elemental.
The water elemental is heavily damaged.
* * * LOW HITPOINT WARNING * * *
Your lungs strain for air!
The water elemental hits you!
You die...

▓▓▓▓▓▓▓▓▓ ▓▓▓
.#..'...♣♣♣♣ ♣.#
.#..#......♣ ♣.#
'####.....♣♣ ♣.#
....#....≈.♣♣♣♣.###+#+##
....#...≈≈♣.♣♣..#.......
....#..≈≈≈≈♣♣♣♣.@.⌠.....
###'#..≈≈≈≈≈≈♣♣.#E..####
.)..#.≈≈≈≈≈≈....#.⌠.#
....#.≈≈≈≈≈.....#...#
....#.≈≈≈.......#+###
#####...........#
................#
▓▓▓▓▓▓▓▓▓▓▓▓▓▓▓▓▓


You could see a water elemental.

Vanquished Creatures
  A scorpion (D)
  Jessica (D)
  A human (D)
  2 oozes (D)
5 creatures vanquished.

Vanquished Creatures (others)
  3 plants (D)
3 creatures vanquished.

Grand Total: 8 creatures vanquished

Notes
Turn   | Place    | Note
--------------------------------------------------------------
     0 | D        | LORDOFBUTT the Troll Berserker began the quest for the Orb.
     0 | D        | Reached XP level 1. HP: 22/22 MP: 0/0
     6 | D        | Reached skill level 4 in Unarmed Combat
     7 | D        | Reached skill level 5 in Unarmed Combat
     7 | D        | Reached XP level 2. HP: 26/29 MP: 1/1
    13 | D        | Noticed Jessica
    15 | D        | Killed Jessica
    15 | D        | Reached ** piety under Trog
    15 | D        | Reached skill level 7 in Unarmed Combat
    15 | D        | Reached XP level 3. HP: 34/36 MP: 2/2
    30 | D        | Noticed a scorpion
    34 | D        | Killed a scorpion
    34 | D        | Reached skill level 8 in Unarmed Combat
    34 | D        | Reached XP level 4. HP: 44/44 MP: 3/3
    49 | D        | Reached *** piety under Trog
    49 | D        | Reached skill level 9 in Unarmed Combat
    95 | D        | Noticed a water elemental
    99 | D        | Mangled by a water elemental

Skill      XL: |  1  2  3  4 |
---------------+-------------+-----
Unarmed Combat | 5 7 8 9 |  9.4
Fighting       | |  2.4
Dodging        | |  2.4

Action                   |  1- 3 |  4- 6 || total
-------------------------+-------+-------++-------
Melee: Unarmed           |     8 |    16 ||    24
Armor: Animal skin       |     2 |     1 ||     3
Dodge: Dodged            |     1 |     6 ||     7
